 Dungeon Crawl Stone Soup version 0.26.1-2-gb8aa6d0cf2 (webtiles) character file.

Game seed: 996814030140636023

74 leafyfresh the Magician (level 4, 0/32 HPs)
             Began as a Gnoll Hedge Wizard on Mar 18, 2021.
             Slain by a gnoll (2 damage)
             ... on level 3 of the Dungeon.
             The game lasted 00:04:16 (2180 turns).

leafyfresh the Magician (Gnoll Hedge Wizard)        Turns: 2180, Time: 00:04:17

Health: 0/32       AC:  0    Str: 13    XL:     4   Next: 28%
Magic:  13/13      EV: 17    Int: 17    God:
Gold:   105        SH:  0    Dex: 14    Spells: 11/17 levels left

rFire    . . .     SeeInvis .     - Unarmed
rCold    . . .     Faith    .   (shield currently unavailable)
rNeg     . . .     Spirit   .   (armour currently unavailable)
rPois    .         Reflect  .   (helmet currently unavailable)
rElec    .         Harm     .   (cloak currently unavailable)
rCorr    .         Rampage  .   (gloves currently unavailable)
Will     .....                  (boots currently unavailable)
Stlth    +++.......             (no amulet)
HPRegen  0.10/turn              (ring currently unavailable)
MPRegen  0.13/turn              (ring currently unavailable)

@: pig-form, hasted, very quick
A: small, distributed training, strong nose
a: no special abilities


You were on level 3 of the Dungeon.
You were a filthy swine.
You visited 1 branch of the dungeon, and saw 4 of its levels.

You collected 105 gold pieces.

Inventory:

Hand Weapons
 a - a +0 dagger
 o - a +2 dagger of protection (melded)
Armour
 b - a +0 robe (melded)
 c - a +0 hat
 k - a +0 helmet
 p - a +2 helmet (melded)
Scrolls
 h - a scroll of identify
Potions
 d - 3 potions of mutation
 e - a potion of lignification {unknown}
 f - a potion of might {unknown}
 g - a potion of brilliance {unknown}
 i - a potion of curing {unknown}
 n - a potion of ambrosia {unknown}


   Skills:
 + Level 1.1 Fighting
 + Level 1.1 Short Blades
 + Level 1.1 Long Blades
 + Level 1.1 Axes
 + Level 1.1 Maces & Flails
 + Level 1.1 Polearms
 + Level 1.1 Staves
 + Level 1.1 Slings
 + Level 1.1 Bows
 + Level 1.1 Crossbows
 + Level 1.1 Throwing
 + Level 1.1 Armour
 + Level 4.6 Dodging
 + Level 4.2 Stealth
 + Level 1.1 Shields
 + Level 1.1 Unarmed Combat
 + Level 7.2 Spellcasting
 + Level 2.2 Conjurations
 + Level 0.8 Hexes
 + Level 2.2 Summonings
 + Level 0.8 Necromancy
 + Level 2.2 Translocations
 + Level 0.8 Transmutations
 + Level 0.8 Fire Magic
 + Level 0.8 Ice Magic
 + Level 0.8 Air Magic
 + Level 0.8 Earth Magic
 + Level 0.8 Poison Magic
 + Level 1.2 Invocations
 + Level 1.1 Evocations


You had 11 spell levels left.
You knew the following spells:

 Your Spells              Type           Power        Failure   Level
a - Magic Dart            Conj           52%          4%          1
b - Mephitic Cloud        Conj/Pois/Air  10%          21%         3
c - Blink                 Tloc           N/A          7%          2

Your spell library contained the following spells:

 Spells                   Type           Power        Failure   Level
 Call Imp                 Summ           13%          7%          2
 Slow                     Hex            9%           12%         2
 Conjure Flame            Conj/Fire      11%          19%         3


Dungeon Overview and Level Annotations

Branches:
Dungeon (4/15)
 Temple: D:4-7

Altars:

Annotations:
D:3 Terence


Innate Abilities, Weirdness & Mutations

Your experience applies equally to all skills.
((You have very sharp teeth.))
Your uncanny sense of smell can sniff out nearby items.


Message History

The orc wizard looks satisfied for a moment.
The gnoll misses you.
You hit the orc wizard.
The orc wizard is moderately wounded.
The orc wizard gestures at you while chanting.
The puff of frost hits you!
* * * LOW HITPOINT WARNING * * *
The rat closely misses you. The gnoll barely misses you.
You barely miss the orc wizard.
The orc wizard is moderately wounded.
The gnoll hits you.
* * * LOW HITPOINT WARNING * * *
You hit the orc but do no damage. The rat misses you.
The gnoll closely misses you. The gnoll barely misses you.
You completely miss the orc.
The orc wizard casts a spell at itself.
The orc wizard flickers and vanishes!
Deactivating autopickup; reactivate with Ctrl-A.
The rat barely misses you. The gnoll hits you.
You die...

..#.###.#######........##
###......@.gBo)oo.........#
#.......g.######..o.......#
###.....B## #####..##o......#
####...#B#...###...o.###....).##
.....B..)........##### #.#...##
##..o##..#....@{## #.#####
##..###.......go## #o# ##..#
#.###...ogh## #.### ....# ###
#....#gr######!..# ..###
#....##ogo..####.## .##
#....######g.o....## ...# #....#
######o..#### #..# ######
##....#.. .... #.......) ##..#
#...o..... ...# #.........


You could see Terence, 2 gnolls, 4 orcs, a giant cockroach, 2 goblins and a rat.

Vanquished Creatures
  4 adders (D:2)
  2 leopard geckos
  An orc (D:3)
  A goblin (D:2)
  9 hobgoblins
  2 jackals (D:1)
  A ball python (D:2)
  3 bats
  2 frilled lizards
  7 kobolds
  3 rats
35 creatures vanquished.

Notes
Turn   | Place    | Note
-------+----------+-------------------------------------------
     0 | D:1      | leafyfresh the Gnoll Hedge Wizard began the quest for the
                  | Orb.
     0 | D:1      | Reached XP level 1. HP: 13/13 MP: 8/8
   388 | D:1      | Reached XP level 2. HP: 18/19 MP: 10/10
  1515 | D:2      | Reached XP level 3. HP: 25/25 MP: 6/11
  1634 | D:2      | Learned a level 3 spell: Mephitic Cloud
  1637 | D:2      | Learned a level 2 spell: Blink
  1706 | D:2      | Reached skill level 1 in Invocations
  1869 | D:2      | Reached skill level 1 in Fighting
  1869 | D:2      | Reached skill level 1 in Short Blades
  1869 | D:2      | Reached skill level 1 in Long Blades
  1869 | D:2      | Reached skill level 1 in Axes
  1869 | D:2      | Reached skill level 1 in Maces & Flails
  1869 | D:2      | Reached skill level 1 in Polearms
  1869 | D:2      | Reached skill level 1 in Staves
  1869 | D:2      | Reached skill level 1 in Slings
  1869 | D:2      | Reached skill level 1 in Bows
  1869 | D:2      | Reached skill level 1 in Crossbows
  1869 | D:2      | Reached skill level 1 in Throwing
  1869 | D:2      | Reached skill level 1 in Armour
  1869 | D:2      | Reached skill level 1 in Shields
  1869 | D:2      | Reached skill level 1 in Unarmed Combat
  1869 | D:2      | Reached skill level 1 in Evocations
  1869 | D:2      | Reached XP level 4. HP: 32/32 MP: 4/13
  2005 | D:2      | You fall into a shaft and drop 2 floors!
  2080 | D:3      | Noticed Terence
  2180 | D:3      | Slain by a gnoll

Illustrated notes

Levels and vault maps discovered:
D:1:      dpeg_arrival_round_b, layout_basic, serial_corexii_hall,
          corexii_hall_statues_i, chequers_hall_statues_corner_a
D:2:      layout_basic, general_overflow_altar
D:3:      layout_rooms, uniq_terence
D:4:      layout_gridville, minmay_temple_entry_waves, uniq_pikel

Skill      XL: |  1  2  3 |
---------------+----------+-----
Conjurations   | 2 |  2.2
Summonings     | 2 |  2.2
Translocations | 2 |  2.2
Invocations    | 1 |  1.2
Fighting       | 1 |  1.1
Short Blades   | 1 |  1.1
Long Blades    | 1 |  1.1
Axes           | 1 |  1.1
Maces & Flails | 1 |  1.1
Polearms       | 1 |  1.1
Staves         | 1 |  1.1
Slings         | 1 |  1.1
Bows           | 1 |  1.1
Crossbows      | 1 |  1.1
Throwing       | 1 |  1.1
Armour         | 1 |  1.1
Shields        | 1 |  1.1
Unarmed Combat | 1 |  1.1
Evocations     | 1 |  1.1
Dodging        | |  4.6
Stealth        | |  4.2
Spellcasting   | |  7.2
Hexes          | |  0.8
Necromancy     | |  0.8
Transmutations | |  0.8
Fire Magic     | |  0.8
Ice Magic      | |  0.8
Air Magic      | |  0.8
Earth Magic    | |  0.8
Poison Magic   | |  0.8

Action                   |  1- 3 |  4- 6 || total
-------------------------+-------+-------++-------
Melee: Dagger            |    35 |    30 ||    65
       Bite              |     4 |     5 ||     9
       Unarmed           |       |    15 ||    15
 Cast: Magic Dart        |    49 |     8 ||    57
  Use: Scroll            |     2 |     1 ||     3
       Potion            |       |     4 ||     4
 Stab: Sleeping          |     1 |       ||     1
Armor: Robe              |     5 |    11 ||    16
Dodge: Dodged            |    40 |    49 ||    89
